Get step-by-step instructions on how to execute this build order below. Start the game timer, and the build order will tick by so you can play in parallel with StarCraft on a second screen or mobile device.

Game Time

  0:00

Last Step

  N/A

Next Step

  12  0:00  Drone  

Upcoming Step

  13  0:14  Overlord  

Don't want to look back and forth between 2 screens? Try out our Overwolf App, the Spawning Tool Build Advisor to get an in-game overlay with this build!

Complete Build Order

  12  0:00  Drone  
  13  0:14  Overlord  
  13  0:17  Drone  
  14  0:27  Extractor  
  13  0:28  Drone  
  14  0:42  Drone  
  15  0:47  Spawning Pool  
  14  0:53  Drone  
  14  0:56  Drone  
  16  1:01  Drone  
  17  1:34  Zergling x6  
  17  1:37  Queen  
  22  1:47  Hatchery  
  21  1:54  Overlord  
  21  2:06  Zergling x2  
  21  2:07  Metabolic Boost  
  22  2:16  Baneling Nest  
  20  2:23  Zergling x4  
  22  2:33  Drone  
  22  2:44  Zergling x2  
  22  2:50  Zergling x2  
  22  2:51  Zergling x4  
  26  2:52  Zergling x2  
  27  3:05  Zergling x4, Evolution Chamber  
  28  3:19  Drone x4  
  32  3:27  Queen  
  29  4:02  Zerg Missile Weapons Level 1  
  28  4:03  Roach Warren  
  27  4:21  Drone  
  27  4:22  Drone x2  
  30  4:28  Evolution Chamber  
  29  4:37  Lair, Extractor  
  28  4:44  Drone x5  
  28  4:45  Drone, Overlord  
  34  4:50  Overlord  
  34  5:19  Zerg Ground Armor Level 1  
  34  5:23  Drone  
  34  5:24  Drone x3, Overlord  
  34  5:25  Zergling x4  
  40  5:32  Queen  
  42  5:39  Roach x2  
  43  6:07  Roach x4  
  48  6:28  Roach  
  48  6:29  Roach  
  52  6:38  Extractor  
  51  6:40  Extractor  
  50  6:54  Roach  
  50  6:55  Roach x3  
  57  7:11  Overlord x4  
  57  7:25  Overlord x3  
  57  7:35  Spine Crawler  
  56  7:38  Spine Crawler  
  56  7:42  Zerg Missile Weapons Level 2  
  55  7:45  Drone x2  
  55  7:46  Drone x4  
  61  7:53  Overseer  
  61  7:54  Overseer  
  61  8:13  Drone x7  
  61  8:18  Spore Crawler  
  67  8:20  Spore Crawler  
  67  8:22  Spore Crawler  
  67  8:23  Spore Crawler  
  67  8:25  Queen  
  67  8:26  Drone  
  67  8:27  Spore Crawler, Drone x4  
  68  8:32  Ravager x2  
  68  8:33  Ravager x2  
  74  8:38  Zergling x4  
  76  8:53  Infestation Pit  
  75  9:24  Drone x2  
  75  9:25  Drone x2, Overlord  
  75  9:30  Spire  
  78  9:35  Hive  
  78  10:04  Zerg Ground Armor Level 2  
  73  10:18  Zergling x2  
  73  10:19  Zergling x8  
  73  10:20  Roach x2  
  82  10:33  Hatchery  
  81  10:46  Drone  
  81  10:47  Drone  
  81  10:48  Overlord  
  83  10:50  Roach x3  
  83  10:51  Roach x2  
  83  10:53  Greater Spire  
  93  10:59  Zerg Melee Weapons Level 1  
  93  11:01  Drone x5  
  98  11:18  Hatchery  
  96  11:48  Roach x7  
  96  11:49  Roach, Overlord x3  
  75  12:21  Corruptor x6  
  81  12:54  Drone x3  
  81  12:57  Queen  
  86  13:13  Extractor x2  
  84  13:22  Drone  
  84  13:23  Drone, Overlord x2  
  86  13:27  Brood Lord x3  
  86  13:30  Drone  
  86  13:31  Corruptor  
  93  13:48  Brood Lord  
  95  14:07  Drone  
  95  14:08  Overlord  
  95  14:09  Corruptor x2  
  100  14:26  Corruptor x3  
  100  14:27  Corruptor x4  
  100  14:29  Brood Lord x3  
  118  14:46  Ravager  
  113  14:54  Corruptor x3  
  104  15:45  Brood Lord  
  104  15:46  Brood Lord x5  
  96  15:53  Zergling x2  
  96  15:54  Zergling x28  
  96  15:55  Zergling x8